 Dungeon Crawl Stone Soup version 0.31-a0-277-g31ea1f65cc (webtiles) character file.

Game seed: 18332908253675126927

333 gruber the Ruffian (level 6, -6/63 HPs)
             Began as a Troll Shapeshifter on July 15, 2023.
             Mangled by an ogre
             ... wielding a +0 giant club
              (25 damage)
             ... on level 4 of the Dungeon.
             The game lasted 00:03:45 (2501 turns).

gruber the Ruffian (Troll Shapeshifter)             Turns: 2501, Time: 00:03:45

Health: -6/63      AC:  4    Str: 26    XL:     6   Next: 27%
Magic:  5/5        EV:  9    Int:  4    God:
Gold:   231        SH:  0    Dex: 10    Spells: 5/5 levels left

rFire   . . .        i - +7 club
rCold   . . .        (no shield)
rNeg    . . .        a - +0 animal skin
rPois   .            (helmet currently unavailable)
rElec   .            (cloak currently unavailable)
rCorr   +            (gloves unavailable)
SInv    .            (boots unavailable)
Will    .....        (no amulet)
Stlth   +            g - ring of resist corrosion
HPRegen 1.10/turn    (no ring)
MPRegen 0.09/turn

%: no passive effects
@: beast-form
A: beast (slay +2), large, unfitting armour, claws 3, regeneration 1, shaggy fur
1, tough skin 1
a: Begin Untransformation


You were on level 4 of the Dungeon.
You were a hulking beast.
You visited 1 branch of the dungeon, and saw 4 of its levels.

You collected 231 gold pieces.

Inventory:

Hand Weapons
 i - a +7 club (weapon)
Missiles
 n - 2 poisoned darts (quivered)
Armour
 a - a +0 animal skin (worn)
Jewellery
 g - a ring of resist corrosion (left claw)
 q - an amulet of guardian spirit
 s - a ring of magical power
Talismans
 c - a beast talisman
Wands
 h - a wand of polymorph (11)
 p - a wand of flame (17)
Scrolls
 d - 6 scrolls of identify {unknown}
 e - 2 scrolls of poison {unknown}
 j - a scroll of noise {unknown}
 k - a scroll of summoning {unknown}
 l - 4 scrolls of fear {unknown}
 m - a scroll of revelation {unknown}
 r - a scroll of teleportation {unknown}
 t - a scroll of enchant weapon {unknown}
Potions
 b - a potion of lignification
 f - 2 potions of curing {unknown}
 o - 3 potions of attraction {unknown}
 u - a potion of heal wounds {unknown}
 v - a potion of brilliance {unknown}


   Skills:
 * Level 4.4 Fighting
 - Level 1.5 Dodging
 - Level 4.4 Unarmed Combat
 - Level 3.0 Shapeshifting


You had 5 spell levels left.
You didn't know any spells.
Your spell library contained the following spells:

 Spells                   Type           Power      Damage    Failure   Level
 Shock                    Conj/Air       0%         1d3       50%         1
 Dazzling Flash           Conj/Hex       0%         N/A       86%         3
 Stone Arrow              Conj/Erth      0%         3d7       86%         3
 Swiftness                Air            0%         N/A       86%         3
 Vhi's Electric Charge    Tloc/Air       0%         N/A       86%         3
 Volatile Blastmotes      Fire/Tloc      0%         2d10      86%         3
 Airstrike                Air            0%         2d(0-16)  99%         4
 Animate Armour           Summ/Erth      0%         N/A       99%         4
 Arcjolt                  Conj/Air       0%         1d10      100%        5
 Plasma Beam              Fire/Air       0%         2x1d10    100%        6
 Starburst                Conj/Fire      0%         6d3       100%        6
 Lehudib's Crystal Spear  Conj/Erth      0%         10d2      100%        8
 Maxwell's Capacitive Co  Air            0%         ∞         100%        8


Dungeon Overview and Level Annotations

Branches:
Dungeon (4/15)
 Temple: D:4-7

Altars:
Sif Muna

Shops:
D:2 !


Innate Abilities, Weirdness & Mutations

You are a hulking beast.
Your limbs bulge with bestial killing power. (Slay +2)
You are too large for most types of armour.
You have claws for hands.
Your natural rate of healing is unusually fast.
You are covered in fur. (AC +1)
You have tough skin. (AC +1)


Message History

The adder is heavily wounded.
The adder bites you but does no damage.
You hit the adder.
You kill the adder!
f - 2 bubbling green potions (gained 1)
A kobold comes into view. It is wielding a +0 short sword.
The kobold shouts!
A kobold is nearby!
A kobold is nearby!
The kobold closely misses you.
You hit the kobold.
The kobold is moderately wounded.
The kobold barely misses you.
You sock the kobold!
You kill the kobold!
No target in view!
You now have 212 gold pieces (gained 14).
d - 6 scrolls labelled YWYPYU VUOMEGRUTT (gained 1)
You open the door.
There is an open door here.
Found a stone staircase leading down.
You now have 231 gold pieces (gained 19).
An ogre comes into view. It is wielding a +0 giant club.
The ogre shouts!
An ogre is nearby!
An ogre is nearby!
The ogre hits you with a +0 giant club!!
Ouch! That really hurt!
You are too injured to fight recklessly!
You are too injured to fight recklessly!
You are too injured to fight recklessly!
Unknown command.
You completely miss the ogre. The ogre hits you with a +0 giant club!
* * * LOW HITPOINT WARNING * * *
You hit the ogre.
The ogre is moderately wounded.
You hit the ogre.
The ogre is moderately wounded.
The ogre hits you with a +0 giant club!!
You die...

## ####.
#....######## #>.
........#
#O#########'## ###
#h...........# #..
#............# #..
##...........###..
#................
#...........####.
#................
#................
#########...)....
#........


You could see an ogre.

Vanquished Creatures
  A scorpion (D:4)
  A hound (D:2)
  A gnoll bouda (D:3)
  Ijyb (D:2)
  7 adders
  4 gnolls
  3 worms
  6 dart slugs
  5 orcs (D:3)
  5 endoplasms
  A giant cockroach (D:3)
  8 goblins
  3 hobgoblins (D:1)
  6 kobolds
  A quokka (D:3)
  3 ball pythons
  6 bats
  A frilled lizard (D:3)
  10 rats
73 creatures vanquished.

Notes
Turn   | Place    | Note
-------+----------+-------------------------------------------
     0 | D:1      | gruber the Troll Shapeshifter began the quest for the Orb.
     0 | D:1      | Reached XP level 1. HP: 19/19 MP: 0/0
   119 | D:1      | Reached XP level 2. HP: 27/27 MP: 1/1
   237 | D:1      | Found a faded altar of an unknown god.
   515 | D:2      | Reached XP level 3. HP: 15/33 MP: 2/2
   702 | D:2      | Noticed Ijyb
   760 | D:2      | Killed Ijyb
   761 | D:2      | Reached XP level 4. HP: 27/41 MP: 3/3
  1162 | D:2      | Found Qavyfix's Distillery.
  1311 | D:2      | Reached XP level 5. HP: 40/50 MP: 4/4
  2291 | D:4      | Found a shimmering blue altar of Sif Muna.
  2420 | D:4      | Reached XP level 6. HP: 47/62 MP: 5/5
  2501 | D:4      | Mangled by an ogre

Illustrated notes

Levels and vault maps discovered:
D:1:      onia_arrival_handbag, layout_basic, dreamdust_ecumenical_altar_grove
D:2:      kennysheep_the_goblin_king, layout_loops_cross, serial_shops,
          nicolae_shop_pleasant_corner_grove, hex_medium, corner_web_ring,
          chequers_big_river
D:3:      layout_basic
D:4:      layout_basic, mainiacjoe_overflow_six_doors_small, chequers_garden,
          grunt_tough_drop, uniq_natasha, uniq_menkaure, uniq_robin

Skill      XL: |  1  2  3  4  5 |
---------------+----------------+-----
Unarmed Combat | 3 4 |  4.4
Fighting       | 2 4 |  4.4
Dodging        | |  1.5
Shapeshifting  | |  3.0

Action                     |  1- 3 |  4- 6 || total
---------------------------+-------+-------++-------
  Melee: Unarmed           |    56 |     7 ||    63
         Club              |       |   124 ||   124
         Punch             |       |     3 ||     3
   Stab: Sleeping          |     1 |       ||     1
 Armour: Animal skin       |    19 |    49 ||    68
  Dodge: Dodged            |    28 |    95 ||   123

Table legend: (Time is in decaauts)
 A = Elapsed time spent in this place.
 B = Non-inter-level travel time spent in this place.
 C = Inter-level travel time spent in this place.
 D = Time resting spent in this place.
 E = Time spent auto-exploring this place.
 F = Levels seen in this place.
 G = Mean time per level.
                   A        B        C        D        E       F      G
               +--------+--------+--------+--------+--------+-----+--------+
         Total |   2519 |   2423 |     96 |     37 |   1804 |   4 |  629.8 |
       Dungeon |   2519 |   2423 |     96 |     37 |   1804 |   4 |  629.8 |
               +--------+--------+--------+--------+--------+-----+--------+

Top non-repeatable levels by time:
     D:2: 1052 daAuts
     D:3: 777 daAuts
     D:1: 461 daAuts
     D:4: 227 daAuts
